 Dungeon Crawl Stone Soup version 0.31.0-32-g396128a36d (webtiles) character file.

Game seed: 14633785742135422958

144 Doomgape the Covered (level 5, -3/34 HPs)
             Began as a Gargoyle Fighter on Apr 2, 2024.
             Slain by a killer bee (5 damage)
             ... on level 4 of the Dungeon.
             The game lasted 00:07:00 (2486 turns).

Doomgape the Covered (Gargoyle Fighter)             Turns: 2486, Time: 00:07:01

Health: -3/34      AC: 11    Str: 21    XL:     5   Next: 27%
Magic:  5/5        EV:  9    Int:  7    God:
Gold:   275        SH:  4    Dex:  9    Spells: 4/4 levels left

rFire   . . .        a - +0 flail
rCold   . . .        c - +0 buckler
rNeg    + . .        b - +0 scale mail
rPois   ∞            (no helmet)
rElec   +            (no cloak)
rCorr   .            (no gloves)
SInv    .            (no boots)
Will    .....        (no amulet) Stlth
                     (no ring)
HPRegen 0.25/turn    (no ring)
MPRegen 0.09/turn

%: no passive effects
@: mighty, studying Armour, unable to drink
A: sickness immunity, AC +4, negative energy resistance 1, electricity
resistance, torment resistance 1, petrification resistance, dopey 1, inability
to drink after injury 1
a: no special abilities


You were on level 4 of the Dungeon.
You visited 1 branch of the dungeon, and saw 4 of its levels.

You collected 275 gold pieces.

Inventory:

Hand Weapons
 a - a +0 flail (weapon)
Missiles
 p - 3 javelins (quivered)
Armour
 b - a +0 scale mail (worn)
 c - a +0 buckler (worn)
Jewellery
 l - a ring of protection from fire
Wands
 o - a wand of mindburst (1)
Scrolls
 e - a scroll of identify
 g - a scroll of summoning {unknown}
 h - 2 scrolls of teleportation
 j - a scroll of fog
 k - a scroll of immolation
 m - a scroll of fear {unknown}
 n - 2 scrolls of noise {unknown}
 q - a scroll of silence {unknown}
Potions
 f - 2 potions of haste {unknown}
 i - a potion of cancellation


   Skills:
 + Level 4.3 Fighting
 + Level 3.1 Maces & Flails
 + Level 4.5 Armour
 - Level 4.0 Shields


You had 4 spell levels left.
You didn't know any spells.
Your spell library contained the following spells:

 Spells                   Type           Power      Damage    Failure   Level
 Mercury Vapours          Alch/Air       0%         N/A       92%         2
 Mephitic Cloud           Conj/Alch/Air  0%         N/A       99%         3
 Summon Ice Beast         Ice/Summ       0%         N/A       99%         3
 Freezing Cloud           Conj/Ice/Air   0%         6-21      100%        5
 Summon Mana Viper        Hex/Summ       0%         N/A       100%        5
 Monstrous Menagerie      Summ           0%         N/A       100%        7


Dungeon Overview and Level Annotations

Branches:
Dungeon (4/15)
 Temple: D:4-7

Altars:
The Shining One


Innate Abilities, Weirdness & Mutations

You are immune to sickness and miasma.
Your stone body is resilient. (AC +4)
You are immune to poison.
You resist negative energy. (rN+)
You are resistant to electric shocks. (rElec)
You are resistant to unholy torment.
You are immune to petrification.
You are dopey. (Int -2)
You occasionally lose the ability to drink potions when taking damage.


Message History

The killer bee stings you but does no damage.
The adder bites you.
The giant cockroach waves its antennae.
The killer bee stings you. x2; You block the killer bee's attack.
The adder barely misses you. The killer bee stings you.
You block the adder's attack.
The killer bee stings you but does no damage. x2
You barely miss the killer bee. The killer bee stings you. x2
The killer bee stings you but does no damage.
The adder bites you. The killer bee closely misses you.
The killer bee barely misses you. You block the killer bee's attack.
Unknown command.
You block the killer bee's attack. The adder closely misses you.
The killer bee closely misses you. The adder barely misses you.
The killer bee stings you.
* * * LOW HITPOINT WARNING * * *
You are too injured to fight recklessly!
You feel very mighty all of a sudden. You block the killer bee's attack.
The killer bee stings you but does no damage.
The killer bee stings you.
* * * LOW HITPOINT WARNING * * *
The killer bee stings you but does no damage.
Unknown command.
Unknown command.
You miss the killer bee. The killer bee barely misses you.
The killer bee stings you but does no damage.
The killer bee closely misses you. The killer bee stings you.
* * * LOW HITPOINT WARNING * * *
The killer bee stings you but does no damage.
The killer bee barely misses you.
Unknown command.
You barely miss the killer bee.
The killer bee stings you but does no damage.
The killer bee stings you.
* * * LOW HITPOINT WARNING * * *
You feel threatened and lose the ability to drink potions!
The killer bee stings you but does no damage. x2
The killer bee stings you.
You die...

...# ##.#..#
##.######### #.....##
#<.........# #......##
#..........# ##.......#
#..........# #.........
...........####.f.......
...............Syy......
...............yy#...>..
..........######@#######
....##..### #..#
...###### #..# ...# ##.#
..## .. ..# ..# ..# ...
.## .... .#


You could see a sleepcap, 4 killer bees and an adder.

Vanquished Creatures
  Terence (D:3)
  A gnoll (D:1)
  2 adders (D:2)
  2 ribbon worms
  2 dart slugs
  An orc (D:3)
  3 endoplasms
  5 giant cockroaches
  4 goblins
  8 hobgoblins
  7 jackals (D:2)
  4 quokkas
  6 ball pythons
  8 bats
  6 frilled lizards
  11 kobolds
  9 rats
80 creatures vanquished.

Notes
Turn   | Place    | Note
-------+----------+-------------------------------------------
     0 | D:1      | Doomgape the Gargoyle Fighter began the quest for the Orb.
     0 | D:1      | Reached XP level 1. HP: 14/14 MP: 1/1
   193 | D:1      | Reached XP level 2. HP: 19/19 MP: 2/2
   462 | D:1      | Reached XP level 3. HP: 22/23 MP: 3/3
   952 | D:2      | Reached XP level 4. HP: 29/29 MP: 4/4
  2024 | D:3      | Identified a scroll of acquirement
  2024 | D:3      | Acquired a manual of Armour
  2079 | D:3      | Noticed Terence
  2102 | D:3      | Gained mutation: You are dopey. (Int -2) [potion of
                  | mutation]
  2102 | D:3      | Gained mutation: You occasionally lose the ability to drink
                  | potions when taking damage. [potion of mutation]
  2106 | D:3      | Killed Terence
  2107 | D:3      | Reached XP level 5. HP: 13/33 MP: 5/5
  2227 | D:3      | Found a glowing golden altar of the Shining One.
  2294 | D:3      | Found a faded altar of an unknown god.
  2486 | D:4      | Slain by a killer bee

Illustrated notes

Levels and vault maps discovered:
D:1:      psy_arrival_fountain, layout_loops_ring
D:2:      wander_river, layout_basic, minmay_vboxes
D:3:      layout_rooms, mainiacjoe_overflow_alcove_2,
          dreamdust_ecumenical_altar_hidden_monk_grotto, minmay_misc_feat_doors,
          minmay_gold_behind_fungi, uniq_terence
D:4:      layout_cave_pods, nicolae_goblin_pals, uniq_crazy_yiuf_cottage

Skill      XL: |  1  2  3  4 |
---------------+-------------+-----
Armour         | 4 |  4.5
Fighting       | 4 |  4.3
Shields        | 4 |  4.0
Maces & Flails | 3 |  3.1

Action                     |  1- 3 |  4- 6 || total
---------------------------+-------+-------++-------
  Melee: Flail             |   124 |   172 ||   296
    Use: Scroll            |       |     6 ||     6
         Potion            |       |     4 ||     4
 Armour: Scale mail        |    81 |   194 ||   275
  Dodge: Dodged            |    60 |   127 ||   187
  Block: Buckler           |    24 |    55 ||    79
